Workbook
Name _Hlk174538554: Лист3!$B$50

Sheet Лист1
S1: Приложение к письму
S2: Департамента финансов Томской области
S3: от .06.2024 №50-02/18-
A5: Информация о плановых ассигнованиях и кассовом исполнении расходов консолидированного бюджета Томской области на реализацию региональных проектов Томской области по состоянию на 01.09.2024
U7: (тыс. рублей)
A8: № п/п | B8: Наименование | C8: Код ГРБС | D8: Наименование ГРБС | E8: Код целевой статьи областного бюджета | F8: 2024 год | N8: 2025 год | R8: 2026 год | V8: % исполнения
F9: Плановые ассигнования*, в том числе | J9: Кассовое исполнение, в том числе | N9: Плановые ассигнования*, в том числе | R9: Плановые ассигнования*, в том числе
F10: ИТОГО | G10: за счет средств областного бюджета | H10: за счет средств федерального бюджета | I10: за счет средств местных бюджетов** | J10: ИТОГО | K10: за счет средств областного бюджета | L10: за счет средств федерального бюджета | M10: за счет средств местных бюджетов** | N10: ИТОГО | O10: за счет средств областного бюджета | P10: за счет средств федерального бюджета | Q10: за счет средств местных бюджетов | R10: ИТОГО | S10: за счет средств областного бюджета | T10: за счет средств федерального бюджета | U10: за счет средств местных бюджетов
A11: 1 | B11: 2 | C11: 3 | D11: 4 | E11: 5 | F11: 6 | G11: 7 | H11: 8 | I11: 9 | J11: 10 | K11: 11 | L11: 12 | M11: 13 | N11: 10 | O11: 11 | P11: 12 | Q11: 13 | R11: 14 | S11: 15 | T11: 16 | U11: 17 | V11: 22
B12: ВСЕГО: | F12: =G12+H12+I12 -> 19876546 | G12: =G13+G39+G66+G93+G97+G112+G127+G143+G166+G181+G187+G191+G196+G200 -> 7498631.6 | H12: =H13+H39+H66+H93+H97+H112+H127+H143+H166+H181+H187+H191+H196+H200 -> 11555376 | I12: =I13+I39+I66+I93+I97+I112+I127+I143+I166+I181+I187+I191+I196+I200 -> 822539.4 | J12: =K12+L12+M12 -> 8603079.3 | K12: =K13+K39+K66+K93+K97+K112+K127+K143+K166+K181+K187+K191+K196+K200 -> 1601396.2 | L12: =L13+L39+L66+L93+L97+L112+L127+L143+L166+L181+L187+L191+L196+L200 -> 6381884.1 | M12: =M13+M39+M66+M93+M97+M112+M127+M143+M166+M181+M187+M191+M196+M200 -> 619799 | N12: =O12+P12+Q12 -> 12663262 | O12: =O13+O39+O66+O93+O97+O112+O127+O143+O166+O181+O187+O191+O196+O200 -> 4558344.8 | P12: =P13+P39+P66+P93+P97+P112+P127+P143+P166+P181+P187+P191+P196+P200 -> 7760763.9 | Q12: =Q13+Q39+Q66+Q93+Q97+Q112+Q127+Q143+Q166+Q181+Q187+Q191+Q196+Q200 -> 344153.3 | R12: =S12+T12+U12 -> 8308194.5 | S12: =S13+S39+S66+S93+S97+S112+S127+S143+S166+S181+S187+S191+S196+S200 -> 3332526.1 | T12: =T13+T39+T66+T93+T97+T112+T127+T143+T166+T181+T187+T191+T196+T200 -> 4683208.1 | U12: =U13+U39+U66+U93+U97+U112+U127+U143+U166+U181+U187+U191+U196+U200 -> 292460.3 | V12: =J12/F12 -> 0.433
A13: 1 | B13: Национальный проект "Демография" | C13: Х | D13: Х | E13: Х | F13: =G13+H13+I13 -> 553549.5 | G13: =G15+G29+G32+G18 -> 210884 | H13: =H15+H29+H32+H18 -> 324842.1 | I13: =I15+I29+I32+I18 -> 17823.4 | J13: =K13+L13+M13 -> 277342.6 | K13: =K15+K18+K29+K32 -> 134597.2 | L13: =L15+L18+L29+L32 -> 129740.8 | M13: =M15+M18+M29+M32 -> 13004.6 | N13: =O13+P13+Q13 -> 273942.4 | O13: =O15+O29+O32+O18 -> 168345.8 | P13: =P15+P29+P32+P18 -> 91993 | Q13: =Q15+Q29+Q32+Q18 -> 13603.6 | R13: =S13+T13+U13 -> 203032.1 | S13: =S15+S29+S32+S18 -> 189140.9 | T13: =T15+T29+T32+T18 -> 151 | U13: =U15+U29+U32+U18 -> 13740.2 | V13: =J13/F13 -> 0.501
B14: из них
A15: 1.1 | B15: Региональный проект "Содействие занятости" | C15: Х | D15: Х | E15: Х | F15: =G15+H15+I15 -> 8937.1 | G15: =SUM(G17:G17) -> 268.2 | H15: =SUM(H17:H17) -> 8668.9 | I15: =SUM(I17:I17) -> 0 | J15: =K15+L15+M15 -> 4067 | K15: =K17 -> 122.1 | L15: =L17 -> 3944.9 | M15: =M17 -> 0 | N15: =O15+P15+Q15 -> 127.6 | O15: =SUM(O17:O17) -> 127.6 | P15: =SUM(P17:P17) -> 0 | Q15: =SUM(Q17:Q17) -> 0 | R15: =S15+T15+U15 -> 127.6 | S15: =SUM(S17:S17) -> 127.6 | T15: =SUM(T17:T17) -> 0 | U15: =SUM(U17:U17) -> 0 | V15: =J15/F15 -> 0.455
B16: из них
B17: Организация профессионального обучения и дополнительного профессионального образования работников предприятий оборонно-промышленного комплекса, а также граждан, обратившихся в органы службы занятости за содействием в поиске подходящей работы и заключивших ученический договор с предприятиями оборонно-промышленного комплекса | C17: 839 | D17: Департамент труда и занятости населения Томской области | E17: 05WP252920 | F17: =G17+H17+I17 -> 8937.1 | G17: 268.2 | H17: 8668.9 | J17: =K17+L17+M17 -> 4067 | K17: 122.06 | L17: 3944.9 | N17: =O17+P17+Q17 -> 127.6 | O17: 127.6 | R17: =S17+T17+U17 -> 127.6 | S17: 127.6 | V17: =J17/F17 -> 0.455
A18: 1.2 | B18: Региональный проект "Спорт - норма жизни", всего | F18: =G18+H18+I18 -> 197454.1 | G18: =SUM(G20:G28) -> 173869 | H18: =SUM(H20:H28) -> 5761.7 | I18: =SUM(I20:I28) -> 17823.4 | J18: =K18+L18+M18 -> 139751.3 | K18: =K20+K22+K24+K27+K28+K21+K23+K25 -> 124006.71 | L18: =L20+L22+L24+L27+L28+L21+L23+L25 -> 2739.94 | M18: =M20+M22+M24+M27+M28+M21+M23+M25 -> 13004.6 | N18: =O18+P18+Q18 -> 173835.9 | O18: =SUM(O20:O28) -> 160232.3 | P18: =SUM(P20:P28) -> 0 | Q18: =SUM(Q20:Q28) -> 13603.6 | R18: =S18+T18+U18 -> 173972.5 | S18: =SUM(S20:S28) -> 160232.3 | T18: =SUM(T20:T28) -> 0 | U18: =SUM(U20:U28) -> 13740.2 | V18: =J18/F18 -> 0.708
B19: из них
B20: Приобретение оборудования для малобюджетных спортивных площадок по месту жительства и учебы в муниципальных образованиях Томской области, за исключением муниципального образования "Город Томск", муниципального образования "Городской округ закрытое административно-территориальное образование Северск Томской области" | C20: 813 | D20: Департамент по молодежной политике, физической культуре и спорту Томской области | E20: 08WP540006 | F20: =G20+H20+I20 -> 8522.1 | G20: 6142.5 | I20: 2379.6 | J20: =K20+L20+M20 -> 7189.1 | K20: 6142.5 | M20: 1046.6 | N20: =O20+P20+Q20 -> 1562.1 | O20: 0 | Q20: 1562.1 | R20: =S20+T20+U20 -> 1698.6 | S20: 0 | U20: 1698.6 | V20: =J20/F20 -> 0.844
B21: Приобретение оборудования для малобюджетных спортивных площадок по месту жительства и учебы в муниципальных образованиях Томской области, за исключением муниципального образования "Город Томск", муниципального образования "Городской округ закрытое административно-территориальное образование Северск Томской области" | C21: 847 | D21: Департамент спорта Томской области | E21: 08WP540006 | F21: =G21+H21+I21 -> 14332.5 | G21: 14332.5 | J21: =K21+L21+M21 -> 11357.3 | K21: 11357.27 | N21: =O21+P21+Q21 -> 20475 | O21: 20475 | R21: =S21+T21+U21 -> 20475 | S21: 20475 | V21: =J21/F21 -> 0.792
B22: Обеспечение уровня финансирования организаций, осуществляющих спортивную подготовку, в соответствии с требованиями федеральных стандартов спортивной подготовки | C22: 813 | D22: Департамент по молодежной политике, физической культуре и спорту Томской области | E22: 08WP540007 | F22: =G22+H22+I22 -> 3627.1 | G22: 2002.9 | I22: 1624.2 | J22: =K22+L22+M22 -> 3533.1 | K22: 2002.9 | M22: 1530.2 | N22: =O22+P22+Q22 -> 1613.4 | O22: 0 | Q22: 1613.4 | R22: =S22+T22+U22 -> 1623.4 | S22: 0 | U22: 1623.4 | V22: =J22/F22 -> 0.974
B23: Обеспечение уровня финансирования организаций, реализующих дополнительные образовательные программы спортивной подготовки, в соответствии с требованиями федеральных стандартов спортивной подготовки | C23: 847 | D23: Департамент спорта Томской области | E23: 08WP540007 | F23: =G23+H23+I23 -> 27997.1 | G23: 27997.1 | J23: =K23+L23+M23 -> 27997.1 | K23: 27997.1 | N23: =O23+P23+Q23 -> 30000 | O23: 30000 | R23: =S23+T23+U23 -> 30000 | S23: 30000 | V23: =J23/F23 -> 1
B24: Обеспечение условий для развития физической культуры и массового спорта | C24: 813 | D24: Департамент по молодежной политике, физической культуре и спорту Томской области | E24: 08WP540008 | F24: =G24+H24+I24 -> 34254.4 | G24: 20645.4 | I24: 13609 | J24: =K24+L24+M24 -> 31014.4 | K24: 20645.4 | M24: 10369 | N24: =O24+P24+Q24 -> 10408 | O24: 0 | Q24: 10408 | R24: =S24+T24+U24 -> 10408.1 | S24: 0 | U24: 10408.1 | V24: =J24/F24 -> 0.905
B25: Обеспечение условий для развития физической культуры и массового спорта | C25: 847 | D25: Департамент спорта Томской области | E25: 08WP540008 | F25: =G25+H25+I25 -> 89111.9 | G25: 89111.9 | J25: =K25+L25+M25 -> 54195.7 | K25: 54195.7 | N25: =O25+P25+Q25 -> 109757.3 | O25: 109757.3 | R25: =S25+T25+U25 -> 109757.3 | S25: 109757.3 | V25: =J25/F25 -> 0.608
B26: Разработка проектной документации на строительство спортивных объектов муниципальной собственности | C26: 821 | D26: Департамент архитектуры и строительства Томской области | E26: 08WP54П020 | F26: =G26+H26+I26 -> 10080 | G26: 10080 | J26: =K26+L26+M26 -> 0 | N26: =O26+P26+Q26 -> 0 | R26: =S26+T26+U26 -> 0 | V26: =J26/F26 -> 0
B27: Государственная поддержка спортивных организаций, осуществляющих подготовку спортивного резерва для спортивных сборных команд, в том числе спортивных сборных команд Российской Федерации | C27: 847 | D27: Департамент спорта Томской области | E27: 08WP550810 | F27: =G27+H27+I27 -> 8004.6 | G27: 3000 | H27: 4794 | I27: 210.6 | J27: =K27+L27+M27 -> 2943.8 | K27: 1110.44 | L27: 1774.51 | M27: 58.8 | N27: =O27+P27+Q27 -> 20.1 | O27: 0 | P27: 0 | Q27: 20.1 | R27: =S27+T27+U27 -> 10.1 | S27: 0 | U27: 10.1 | V27: =J27/F27 -> 0.368
B28: Приобретение спортивного оборудования и инвентаря для приведения организаций спортивной подготовки в нормативное состояние | C28: 847 | D28: Департамент спорта Томской области | E28: 08WP552290 | F28: =G28+H28+I28 -> 1524.4 | G28: 556.7 | H28: 967.7 | J28: =K28+L28+M28 -> 1520.8 | K28: 555.4 | L28: 965.43 | N28: =O28+P28+Q28 -> 0 | O28: 0 | P28: 0 | R28: =S28+T28+U28 -> 0 | S28: 0 | V28: =J28/F28 -> 0.998
A29: 1.3 | B29: Региональный проект "Финансовая поддержка семей при рождении детей", всего | C29: Х | D29: Х | E29: Х | F29: =G29+H29+I29 -> 251056.1 | G29: =SUM(G31:G31) -> 32637.3 | H29: =SUM(H31:H31) -> 218418.8 | I29: =SUM(I31:I31) -> 0 | J29: =K29+L29+M29 -> 64050.9 | K29: =SUM(K31:K31) -> 8326.6 | L29: =SUM(L31:L31) -> 55724.3 | M29: =SUM(M31:M31) -> 0 | N29: =O29+P29+Q29 -> 99823.7 | O29: =SUM(O31:O31) -> 7985.9 | P29: =SUM(P31:P31) -> 91837.8 | Q29: =SUM(Q31:Q31) -> 0 | R29: =S29+T29+U29 -> 0 | S29: =SUM(S31:S31) -> 0 | T29: =SUM(T31:T31) -> 0 | U29: =SUM(U31:U31) -> 0 | V29: =J29/F29 -> 0.255
B30: из них
B31: Осуществление ежемесячной денежной выплаты, назначаемой в случае рождения третьего ребенка или последующих детей до достижения ребенком возраста трех лет | C31: 809 | D31: Департамент социальной защиты населения Томской области | E31: 11WP150840 | F31: =G31+H31+I31 -> 251056.1 | G31: 32637.3 | H31: 218418.8 | J31: =K31+L31+M31 -> 64050.9 | K31: 8326.6 | L31: 55724.26 | N31: =O31+P31+Q31 -> 99823.7 | O31: 7985.9 | P31: 91837.8 | R31: =S31+T31+U31 -> 0 | S31: 0 | T31: 0 | V31: =J31/F31 -> 0.255
A32: 1.4 | B32: Региональный проект "Старшее поколение" | E32: Х | F32: =G32+H32+I32 -> 96102.2 | G32: =SUM(G34:G38) -> 4109.5 | H32: =SUM(H34:H38) -> 91992.7 | I32: =SUM(I34:I38) -> 0 | J32: =K32+L32+M32 -> 69473.5 | K32: =K38+K35+K37+K34+K36 -> 2141.8 | L32: =L34+L35+L36+L37+L38 -> 67331.7 | M32: =M38+M35+M37+M34+M36 -> 0 | N32: =O32+P32+Q32 -> 155.2 | O32: =SUM(O34:O38) -> 0 | P32: =SUM(P34:P38) -> 155.2 | Q32: =SUM(Q34:Q38) -> 0 | R32: =S32+T32+U32 -> 28932 | S32: =SUM(S34:S38) -> 28781 | T32: =SUM(T34:T38) -> 151 | U32: =SUM(U34:U38) -> 0 | V32: =J32/F32 -> 0.723
B33: из них
B34: Финансовое обеспечение программ, направленных на обеспечение безопасных и комфортных условий предоставления социальных услуг в сфере социального обслуживания | C34: 821 | D34: Департамент архитектуры и строительства Томской области | E34: 11WP351210 | F34: =G34+H34+I34 -> 0 | J34: =K34+L34+M34 -> 0 | N34: =O34+P34+Q34 -> 0 | P34: 0 | R34: =S34+T34+U34 -> 28781 | S34: 28781 | T34: 0 | V34: =J34/F34 -> #DIV/0!
B35: Создание системы долговременного ухода за гражданами пожилого возраста и инвалидами за счет средств резервного фонда Правительства Российской Федерации | C35: 809 | D35: Департамент социальной защиты населения Томской области | E35: 11WP35163F | F35: =G35+H35+I35 -> 25422.4 | G35: 762.7 | H35: 24659.7 | J35: =K35+L35+M35 -> 0 | K35: 0 | L35: 0 | N35: =O35+P35+Q35 -> 0 | R35: =S35+T35+U35 -> 0 | V35: =J35/F35 -> 0
B36: Создание системы долговременного ухода за гражданами пожилого возраста и инвалидами | C36: 809 | D36: Департамент социальной защиты населения Томской области | E36: 11WP351630 | F36: =G36+H36+I36 -> 69256.7 | G36: 2077.7 | H36: 67179 | J36: =K36+L36+M36 -> 69256.7 | K36: 2077.7 | L36: 67179 | N36: =O36+P36+Q36 -> 0 | R36: =S36+T36+U36 -> 0 | V36: =J36/F36 -> 1
B37: Создание системы долговременного ухода за гражданами пожилого возраста и инвалидами в части средств, несофинансируемых из федерального бюджета | C37: 809 | D37: Департамент социальной защиты населения Томской области | E37: 11WP3А1630 | F37: =G37+H37+I37 -> 1269.1 | G37: 1269.1 | J37: =K37+L37+M37 -> 64.1 | K37: 64.1 | N37: =O37+P37+Q37 -> 0 | R37: =S37+T37+U37 -> 0 | V37: =J37/F37 -> 0.051
B38: Проведение вакцинации против пневмококковой инфекции граждан старше трудоспособного возраста из групп риска, проживающих в организациях социального обслуживания | C38: 811 | D38: Департамент здравоохранения Томской области | E38: 11WP354680 | F38: =G38+H38+I38 -> 154 | H38: 154 | J38: =K38+L38+M38 -> 152.7 | L38: 152.7 | N38: =O38+P38+Q38 -> 155.2 | P38: 155.2 | R38: =S38+T38+U38 -> 151 | T38: 151 | V38: =J38/F38 -> 0.992
A39: 2 | B39: Национальный проект "Здравоохранение" | C39: Х | D39: Х | E39: Х | F39: =G39+H39+I39 -> 2181948.1 | G39: =G40+G44+G48+G51+G54 -> 1037536.4 | H39: =H40+H44+H48+H51+H54 -> 1144411.7 | I39: =I40+I44+I48+I51+I54 -> 0 | J39: =K39+L39+M39 -> 668597 | K39: =K40+K44+K48+K51+K54 -> 211519.3 | L39: =L40+L44+L48+L51+L54 -> 457077.7 | M39: =M40+M44+M48+M51+M54 -> 0 | N39: =O39+P39+Q39 -> 2382808.8 | O39: =O40+O44+O48+O51+O54 -> 1207101.5 | P39: =P40+P44+P48+P51+P54 -> 1175707.3 | Q39: =Q40+Q44+Q48+Q51+Q54 -> 0 | R39: =S39+T39+U39 -> 448550.5 | S39: =S40+S44+S48+S51+S54 -> 285945.6 | T39: =T40+T44+T48+T51+T54 -> 162604.9 | U39: =U40+U44+U48+U51+U54 -> 0 | V39: =J39/F39 -> 0.306
A40: 2.1 | B40: Региональный проект "Развитие системы оказания первичной медико-санитарной помощи", всего | C40: Х | D40: Х | E40: Х | F40: =G40+H40+I40 -> 367359.9 | G40: =SUM(G42:G43) -> 283266.1 | H40: =SUM(H42:H43) -> 84093.8 | I40: =SUM(I42:I43) -> 0 | J40: =K40+L40+M40 -> 241162.8 | K40: =SUM(K42:K43) -> 157069 | L40: =SUM(L42:L43) -> 84093.8 | M40: =SUM(M42:M43) -> 0 | N40: =O40+P40+Q40 -> 370651.2 | O40: =SUM(O42:O43) -> 290231.9 | P40: =SUM(P42:P43) -> 80419.3 | Q40: =SUM(Q42:Q43) -> 0 | R40: =S40+T40+U40 -> 370651.2 | S40: =SUM(S42:S43) -> 278934.7 | T40: =SUM(T42:T43) -> 91716.5 | U40: =SUM(U42:U43) -> 0 | V40: =J40/F40 -> 0.656
B41: из них
B42: Обеспечение закупки авиационных работ в целях оказания медицинской помощи | C42: 811 | D42: Департамент здравоохранения Томской области | E42: 07WN155540 | F42: =G42+H42+I42 -> 198000 | G42: 113906.2 | H42: 84093.8 | J42: =SUM(K42:M42) -> 198000 | K42: 113906.2 | L42: 84093.8 | N42: =O42+P42+Q42 -> 198000 | O42: 117580.7 | P42: 80419.3 | R42: =S42+T42+U42 -> 198000 | S42: 106283.5 | T42: 91716.5 | V42: =J42/F42 -> 1
B43: Оказание медицинской помощи с применением санитарной авиации | C43: 811 | D43: Департамент здравоохранения Томской области | E43: 07WN1Д5540 | F43: =G43+H43+I43 -> 169359.9 | G43: 169359.9 | J43: =SUM(K43:M43) -> 43162.8 | K43: 43162.8 | N43: =O43+P43+Q43 -> 172651.2 | O43: 172651.2 | R43: =S43+T43+U43 -> 172651.2 | S43: 172651.2 | V43: =J43/F43 -> 0.255
A44: 2.2 | B44: Региональный проект "Борьба с сердечно-сосудистыми заболеваниями", всего | C44: Х | D44: Х | E44: Х | F44: =G44+H44+I44 -> 146736.5 | G44: =SUM(G46:G47) -> 4495 | H44: =SUM(H46:H47) -> 142241.5 | I44: =SUM(I46:I47) -> 0 | J44: =K44+L44+M44 -> 86297.2 | K44: =SUM(K46:K47) -> 2588.9 | L44: =SUM(L46:L47) -> 83708.3 | M44: =SUM(M46:M47) -> 0 | N44: =O44+P44+Q44 -> 66717.7 | O44: =SUM(O46:O47) -> 2001.5 | P44: =SUM(P46:P47) -> 64716.2 | Q44: =SUM(Q46:Q47) -> 0 | R44: =S44+T44+U44 -> 77899.3 | S44: =SUM(S46:S47) -> 7010.9 | T44: =SUM(T46:T47) -> 70888.4 | U44: =SUM(U46:U47) -> 0 | V44: =J44/F44 -> 0.588
B45: из них
B46: Оснащение оборудованием региональных сосудистых центров и первичных сосудистых отделений | C46: 811 | D46: Департамент здравоохранения Томской области | E46: 07WN251920 | F46: =G46+H46+I46 -> 80413.3 | G46: 2505.3 | H46: 77908 | J46: =SUM(K46:M46) -> 20617.5 | K46: 618.52 | L46: 19998.93 | N46: =O46+P46+Q46 -> 0 | O46: 0 | P46: 0 | R46: =S46+T46+U46 -> 0 | V46: =J46/F46 -> 0.256
B47: Обеспечение профилактики развития сердечно-сосудистых заболеваний и сердечно-сосудистых осложнений у пациентов высокого риска, находящихся на диспансерном наблюдении | C47: 811 | D47: Департамент здравоохранения Томской области | E47: 07WN255860 | F47: =G47+H47+I47 -> 66323.2 | G47: 1989.7 | H47: 64333.5 | J47: =SUM(K47:M47) -> 65679.8 | K47: 1970.4 | L47: 63709.36 | N47: =O47+P47+Q47 -> 66717.7 | O47: 2001.5 | P47: 64716.2 | R47: =S47+T47+U47 -> 77899.3 | S47: 7010.9 | T47: 70888.4 | V47: =J47/F47 -> 0.99
A48: 2.3 | B48: Региональный проект "Борьба с онкологическими заболеваниями", всего | C48: Х | D48: Х | E48: Х | F48: =G48+H48+I48 -> 44907 | G48: =SUM(G50:G50) -> 1491.6 | H48: =SUM(H50:H50) -> 43415.4 | I48: =SUM(I50:I50) -> 0 | J48: =SUM(J50:J50) -> 12164.7 | K48: =SUM(K50:K50) -> 364.9 | L48: =SUM(L50:L50) -> 11799.8 | M48: =SUM(M50:M50) -> 0 | N48: =SUM(N50:N50) -> 0 | ... U48: =SUM(U50:U50) -> 0 | V48: =J48/F48 -> 0.271
B49: из них
B50: Переоснащение медицинских организаций, оказывающих медицинскую помощь больным с онкологическими заболеваниями | C50: 811 | D50: Департамент здравоохранения Томской области | E50: 07WN351900 | F50: =G50+H50+I50 -> 44907 | G50: 1491.6 | H50: 43415.4 | J50: =K50+L50+M50 -> 12164.7 | K50: 364.9 | L50: 11799.8 | N50: =O50+P50+Q50 -> 0 | O50: 0 | P50: 0 | R50: =S50+T50+U50 -> 0 | V50: =J50/F50 -> 0.271
A51: 2.4 | B51: Региональный проект "Создание единого цифрового контура в здравоохранении на основе единой государственной информационной системы здравоохранения (ЕГИСЗ)" | C51: Х | D51: Х | E51: Х | F51: =G51+H51+I51 -> 72548.2 | G51: =SUM(G53) -> 3841 | H51: =SUM(H53) -> 68707.2 | I51: =SUM(I53) -> 0 | J51: =K51+L51+M51 -> 206.5 | K51: =K53 -> 6.2 | L51: =L53 -> 200.3 | M51: =SUM(M53:M63) -> 0 | N51: =O51+P51+Q51 -> 0 | O51: =SUM(O53) -> 0 | P51: =SUM(P53) -> 0 | Q51: =SUM(Q53:Q63) -> 0 | R51: =S51+T51+U51 -> 0 | S51: =SUM(S53) -> 0 | T51: =SUM(T53) -> 0 | U51: =SUM(U53:U63) -> 0 | V51: =J51/F51 -> 0.003
B52: из них
B53: Реализация региональных проектов "Создание единого цифрового контура в здравоохранении на основе единой государственной информационной системы здравоохранения (ЕГИСЗ)" | C53: 811 | D53: Департамент здравоохранения Томской области | E53: 07WN751140 | F53: =G53+H53+I53 -> 72548.2 | G53: 3841 | H53: 68707.2 | J53: =SUM(K53:M53) -> 206.5 | K53: 6.2 | L53: 200.3 | N53: =O53+P53+Q53 -> 0 | O53: 0 | P53: 0 | R53: =S53+T53+U53 -> 0 | S53: 0 | V53: =J53/F53 -> 0.003
A54: 2.5 | B54: Региональный проект "Модернизация первичного звена здравоохранения" | C54: Х | D54: Х | E54: Х | F54: =G54+H54+I54 -> 1550396.5 | G54: =SUM(G56:G65) -> 744442.7 | H54: =SUM(H56:H65) -> 805953.8 | I54: =SUM(I56:I65) -> 0 | J54: =K54+L54+M54 -> 328765.8 | K54: =SUM(K56:K65) -> 51490.3 | L54: =SUM(L56:L65) -> 277275.5 | M54: =SUM(M56:M65) -> 0 | N54: =O54+P54+Q54 -> 1945439.9 | O54: =SUM(O56:O65) -> 914868.1 | P54: =SUM(P56:P65) -> 1030571.8 | Q54: =SUM(Q56:Q65) -> 0 | R54: =S54+T54+U54 -> 0 | S54: =SUM(S56:S65) -> 0 | T54: =SUM(T56:T65) -> 0 | U54: =SUM(U56:U65) -> 0 | V54: =J54/F54 -> 0.212
B55: из них
B56: Реализация региональных проектов модернизации первичного звена здравоохранения (капитальный ремонт зданий медицинских организаций) | C56: 821 | D56: Департамент архитектуры и строительства Томской области | E56: 07WN953651 | F56: =G56+H56+I56 -> 193781.5 | G56: 8191.8 | H56: 185589.7 | J56: =SUM(K56:M56) -> 16926 | K56: 715.5 | L56: 16210.5 | N56: =O56+P56+Q56 -> 436236.5 | O56: 18441.2 | P56: 417795.3 | R56: =S56+T56+U56 -> 0 | S56: 0 | T56: 0 | V56: =J56/F56 -> 0.087 | W56: =SUM(F56:F58) -> 392767.9 | X56: =SUM(J56:J58) -> 99549.9 | Y56: =X56/W56*100 -> 25.345732
B57: Реализация региональных проектов модернизации первичного звена здравоохранения (капитальный ремонт зданий медицинских организаций) | C57: 844 | D57: Комитет по охране объектов культурного наследия Томской области | E57: 07WN953651 | F57: =G57+H57+I57 -> 103463.4 | G57: 4373.7 | H57: 99089.7 | J57: =SUM(K57:M57) -> 54724.8 | K57: 2313.4 | L57: 52411.4 | N57: =O57+P57+Q57 -> 0 | O57: 0 | P57: 0 | R57: =S57+T57+U57 -> 0 | S57: 0 | T57: 0 | V57: =J57/F57 -> 0.529
B58: Реализация региональных проектов модернизации первичного звена здравоохранения (капитальный ремонт зданий медицинских организаций) | C58: 844 | D58: Комитет по охране объектов культурного наследия Томской области | E58: 07WN9А3651 | F58: =G58+H58+I58 -> 95523 | G58: 95523 | J58: =SUM(K58:M58) -> 27899.1 | K58: 27899.1 | N58: =O58+P58+Q58 -> 0 | R58: =S58+T58+U58 -> 0 | V58: =J58/F58 -> 0.292
B59: Реализация региональных проектов модернизации первичного звена здравоохранения в части средств, несофинансируемых из федерального бюджета (приведение материально-технической базы медицинских организаций в соответствие с требованиями порядков оказания медицинской помощи, их дооснащение и переоснащение оборудованием для оказания медицинской помощи) | C59: 811 | D59: Департамент здравоохранения Томской области | E59: 07WN9А3653 | F59: =G59+H59+I59 -> 13080.5 | G59: 13080.5 | J59: =SUM(K59:M59) -> 0 | N59: =O59+P59+Q59 -> 0 | R59: =S59+T59+U59 -> 0 | V59: =J59/F59 -> 0
B60: Реализация региональных проектов модернизации первичного звена здравоохранения (оснащение автомобильным транспортом медицинских организаций) | C60: 811 | D60: Департамент здравоохранения Томской области | E60: 07WN953652 | F60: =G60+H60+I60 -> 34009.1 | G60: 1437.7 | H60: 32571.4 | J60: =SUM(K60:M60) -> 33397.1 | K60: 1411.8 | L60: 31985.3 | N60: =O60+P60+Q60 -> 36167.2 | O60: 1528.9 | P60: 34638.3 | R60: =S60+T60+U60 -> 0 | S60: 0 | T60: 0 | V60: =J60/F60 -> 0.982
B61: Реализация региональных проектов модернизации первичного звена здравоохранения (приведение материально-технической базы медицинских организаций в соответствие с требованиями порядков оказания медицинской помощи, их дооснащение и переоснащение оборудованием для оказания медицинской помощи) | C61: 811 | D61: Департамент здравоохранения Томской области | E61: 07WN953653 | F61: =G61+H61+I61 -> 0 | G61: 0 | H61: 0 | J61: =SUM(K61:M61) -> 0 | K61: 0 | L61: 0 | N61: =O61+P61+Q61 -> 5488.3 | O61: 232 | P61: 5256.3 | R61: =S61+T61+U61 -> 0 | S61: 0 | T61: 0 | V61: =J61/F61 -> #DIV/0!
B62: Реализация региональных проектов модернизации первичного звена здравоохранения (приобретение быстровозводимых модульных конструкций врачебных амбулаторий, центров (отделений) общей врачебной практики (семейной медицины), фельдшерско-акушерских пунктов, фельдшерских здравпунктов медицинских организаций, получивших лицензию на осуществление медицинской деятельности) | C62: 811 | D62: Департамент здравоохранения Томской области | E62: 07WN953654 | F62: =G62+H62+I62 -> 0 | G62: 0 | H62: 0 | J62: =SUM(K62:M62) -> 0 | K62: 0 | L62: 0 | N62: =O62+P62+Q62 -> 32639.2 | O62: 1379.8 | P62: 31259.4 | R62: =S62+T62+U62 -> 0 | S62: 0 | T62: 0 | V62: =J62/F62 -> #DIV/0!
B63: Реализация региональных проектов модернизации первичного звена здравоохранения (строительство объектов капитального строительства медицинских организаций) | C63: 821 | D63: Департамент архитектуры и строительства Томской области | E63: 07WN95365И | F63: =G63+H63+I63 -> 510274 | G63: 21571 | H63: 488703 | J63: =SUM(K63:M63) -> 184466.3 | K63: 7798 | L63: 176668.34 | N63: =O63+P63+Q63 -> 565529.3 | O63: 23906.8 | P63: 541622.5 | R63: =S63+T63+U63 -> 0 | S63: 0 | T63: 0 | V63: =J63/F63 -> 0.362 | W63: =SUM(F63:F65) -> 1110539 | X63: =SUM(J63:J65) -> 195818.8 | Y63: =X63/W63*100 -> 17.632771
B64: Реализация региональных проектов модернизации первичного звена здравоохранения (строительство объектов капитального строительства медицинских организаций) | C64: 821 | D64: Департамент архитектуры и строительства Томской области | E64: 07WN9А365И | F64: =G64+H64+I64 -> 600265 | G64: 600265 | J64: =SUM(K64:M64) -> 11352.5 | K64: 11352.48 | N64: =O64+P64+Q64 -> 304496.6 | O64: 304496.62 | R64: =S64+T64+U64 -> 0 | V64: =J64/F64 -> 0.019
B65: Реализация региональных проектов модернизации первичного звена здравоохранения (строительство объектов капитального строительства медицинских организаций) | C65: 811 | D65: Департамент здравоохранения Томской области | E65: 07WN9А365И | F65: =G65+H65+I65 -> 0 | J65: =SUM(K65:M65) -> 0 | N65: =O65+P65+Q65 -> 564882.8 | O65: 564882.8 | R65: =S65+T65+U65 -> 0 | V65: =J65/F65 -> #DIV/0!
A66: 3 | B66: Национальный проект "Образование" | C66: Х | D66: Х | E66: Х | F66: =G66+H66+I66 -> 1786139.3 | G66: =G67+G79+G83+G87+G90 -> 859750 | H66: =H67+H79+H83+H87+H90 -> 916510.5 | I66: =I67+I79+I83+I87+I90 -> 9878.8 | J66: =K66+L66+M66 -> 803816.6 | K66: =K67+K79+K83+K87+K90 -> 72453.9 | L66: =L67+L79+L83+L87+L90 -> 730720.8 | M66: =M67+M79+M83+M87+M90 -> 641.9 | N66: =O66+P66+Q66 -> 180637.5 | O66: =O67+O79+O83+O87+O90 -> 52419.1 | P66: =P67+P79+P83+P87+P90 -> 78218.4 | Q66: =Q67+Q79+Q83+Q87+Q90 -> 50000 | R66: =S66+T66+U66 -> 97475.6 | S66: =S67+S79+S83+S87+S90 -> 8772.8 | T66: =T67+T79+T83+T87+T90 -> 88702.8 | U66: =U67+U79+U83+U87+U90 -> 0 | V66: =J66/F66 -> 0.45
A67: 3.1 | B67: Региональный проект "Современная школа", всего | C67: Х | D67: Х | E67: Х | F67: =G67+H67+I67 -> 1502284.9 | G67: =SUM(G69:G78) -> 849239.9 | H67: =SUM(H69:H78) -> 644320.1 | I67: =SUM(I69:I78) -> 8724.9 | J67: =K67+L67+M67 -> 642612 | K67: =SUM(K69:K78) -> 65588.9 | L67: =SUM(L69:L78) -> 576385.3 | M67: =SUM(M69:M78) -> 637.8 | N67: =O67+P67+Q67 -> 100000 | O67: =SUM(O69:O78) -> 50000 | P67: =SUM(P69:P78) -> 0 | Q67: =SUM(Q69:Q78) -> 50000 | R67: =SUM(R69:R77) -> 0 | S67: =SUM(S69:S78) -> 0 | T67: =SUM(T69:T78) -> 0 | U67: =SUM(U69:U78) -> 0 | V67: =J67/F67 -> 0.428
B68: из них
B69: Оснащение (обновление материально-технической базы) оборудованием, средствами обучения и воспитания общеобразовательных организаций, в том числе осуществляющих образовательную деятельность по адаптированным основным общеобразовательным программам | C69: 816 | D69: Департамент образования Томской области | E69: 09WE151720 | F69: =G69+H69+I69 -> 42347 | G69: 1270.4 | H69: 41076.6 | J69: =K69+L69+M69 -> 4369.2 | K69: 131.1 | L69: 4238.13 | N69: =O69+P69+Q69 -> 0 | O69: 0 | P69: 0 | R69: =S69+T69+U69 -> 0 | S69: 0 | V69: =J69/F69 -> 0.103
B70: Создание новых мест в общеобразовательных организациях, расположенных в сельской местности и поселках городского типа, в части средств, несофинансируемых из федерального бюджета | C70: 821 | D70: Департамент архитектуры и строительства Томской области | E70: 09WE1А2300 | F70: =G70+H70+I70 -> 213549.3 | G70: 213549.3 | J70: =K70+L70+M70 -> 0 | N70: =O70+P70+Q70 -> 0 | R70: =S70+T70+U70 -> 0 | V70: =J70/F70 -> 0
B71: Создание новых мест в общеобразовательных организациях, расположенных в сельской местности и поселках городского типа, за счёт средств областного бюджета | C71: 821 | D71: Департамент архитектуры и строительства Томской области | E71: 09WE152301 | F71: =G71+H71+I71 -> 3000 | G71: 0 | I71: 3000 | J71: =K71+L71+M71 -> 0 | M71: 0 | N71: =O71+P71+Q71 -> 0 | R71: =S71+T71+U71 -> 0 | V71: =J71/F71 -> 0
B72: Единовременные компенсационные выплаты учителям, прибывшим (переехавшим) на работу в сельские населенные пункты, либо рабочие поселки, либо поселки городского типа, либо города с населением до 50 тысяч человек | C72: 816 | D72: Департамент образования Томской области | E72: 09WE152560 | F72: =G72+H72+I72 -> 12000 | G72: 1560 | H72: 10440 | J72: =K72+L72+M72 -> 0 | K72: 0 | L72: 0 | N72: =O72+P72+Q72 -> 0 | O72: 0 | P72: 0 | R72: =S72+T72+U72 -> 0 | S72: 0 | V72: =J72/F72 -> 0
B73: Создание новых мест в общеобразовательных организациях в связи с ростом числа обучающихся, вызванным демографическим фактором | C73: 821 | D73: Департамент архитектуры и строительства Томской области | E73: 09WE153050 | F73: =G73+H73+I73 -> 611749.4 | G73: 18334.1 | H73: 592803.5 | I73: 611.8 | J73: =K73+L73+M73 -> 590432.9 | K73: 17695.3 | L73: 572147.2 | M73: 590.4 | N73: =O73+P73+Q73 -> 0 | O73: 0 | P73: 0 | Q73: 0 | R73: =S73+T73+U73 -> 0 | S73: 0 | V73: =J73/F73 -> 0.965
B74: Создание новых мест в общеобразовательных организациях в связи с ростом числа обучающихся, вызванным демографическим фактором, в части средств, несофинансируемых из федерального бюджета | C74: 821 | D74: Департамент архитектуры и строительства Томской области | E74: 09WE1А3050 | F74: =G74+H74+I74 -> 504304.2 | G74: 503799.9 | I74: 504.3 | J74: =K74+L74+M74 -> 47411.7 | K74: 47364.27 | M74: 47.4 | N74: =O74+P74+Q74 -> 0 | R74: =S74+T74+U74 -> 0 | V74: =J74/F74 -> 0.094
B75: Оснащение зданий средствами обучения и воспитания для размещения общеобразовательных организаций | C75: 816 | D75: Департамент образования Томской области | E75: 09WE1А3051 | F75: =G75+H75+I75 -> 0 | J75: =K75+L75+M75 -> 0 | N75: =O75+P75+Q75 -> 100000 | O75: 50000 | Q75: 50000 | R75: =S75+T75+U75 -> 0 | V75: =J75/F75 -> #DIV/0!
B76: Оснащение зданий для размещения общеобразовательных организаций оборудованием, предусмотренным проектной документацией | C76: 816 | D76: Департамент образования Томской области | E76: 09WE1А3052 | F76: =G76+H76+I76 -> 108835 | G76: 108726.2 | I76: 108.8 | J76: =K76+L76+M76 -> 0 | N76: =O76+P76+Q76 -> 0 | R76: =S76+T76+U76 -> 0 | V76: =J76/F76 -> 0
B77: Создание новых мест в общеобразовательных организациях | C77: 821 | D77: Департамент архитектуры и строительства Томской области | E77: 09WE155200 | F77: =G77+H77+I77 -> 4500 | G77: 0 | H77: 0 | I77: 4500 | J77: =K77+L77+M77 -> 0 | N77: =O77+P77+Q77 -> 0 | O77: 0 | R77: =S77+T77+U77 -> 0 | S77: 0 | V77: =J77/F77 -> 0
B78: Реализация мероприятий в целях оказания услуг психолого-педагогической, методической и консультативной помощи родителям (законным представителям) детей, а также гражданам, желающим принять на воспитание в свои семьи детей, оставшихся без попечения родителей | C78: 816 | D78: Департамент образования Томской области | E78: 09WE164800 | F78: =G78+H78+I78 -> 2000 | G78: 2000 | J78: =K78+L78+M78 -> 398.2 | K78: 398.2 | N78: =O78+P78+Q78 -> 0 | R78: =S78+T78+U78 -> 0 | V78: =J78/F78 -> 0.199
A79: 3.2 | B79: Региональный проект "Успех каждого ребенка", всего | C79: Х | D79: Х | E79: Х | F79: =G79+H79+I79 -> 14197.9 | G79: =SUM(G81:G82) -> 418.5 | H79: =SUM(H81:H82) -> 13530.1 | I79: =SUM(I81:I82) -> 249.3 | J79: =K79+L79+M79 -> 8664.2 | K79: =SUM(K81:K82) -> 259.8 | L79: =SUM(L81:L82) -> 8400.3 | M79: =SUM(M81:M82) -> 4.1 | N79: =O79+P79+Q79 -> 0 | O79: =SUM(O81:O82) -> 0 | P79: =SUM(P81:P82) -> 0 | Q79: =SUM(Q81:Q82) -> 0 | R79: =S79+T79+U79 -> 0 | S79: =SUM(S81:S82) -> 0 | T79: =SUM(T81:T82) -> 0 | U79: =SUM(U81:U82) -> 0 | V79: =J79/F79 -> 0.61
B80: из них
B81: Обновление материально-технической базы для организации учебно-исследовательской, научно-практической, творческой деятельности, занятий физической культурой и спортом в образовательных организациях | C81: 821 | D81: Департамент архитектуры и строительства Томской области | E81: 09WE250980 | F81: =G81+H81+I81 -> 9585.2 | G81: 280.1 | H81: 9055.8 | I81: 249.3 | J81: =SUM(K81:M81) -> 4051.5 | K81: 121.43 | L81: 3925.99 | M81: 4.1 | N81: =O81+P81+Q81 -> 0 | O81: 0 | P81: 0 | R81: =S81+T81+U81 -> 0 | S81: 0 | V81: =J81/F81 -> 0.423
B82: Оснащение (обновление материально-технической базы) оборудованием, средствами обучения и воспитания образовательных организаций различных типов для реализации дополнительных общеразвивающих программ, для создания информационных систем в образовательных организациях | C82: 816 | D82: Департамент образования Томской области | E82: 09WE251710 | F82: =G82+H82+I82 -> 4612.7 | G82: 138.4 | H82: 4474.3 | I82: 0 | J82: =SUM(K82:M82) -> 4612.7 | K82: 138.4 | L82: 4474.3 | N82: =O82+P82+Q82 -> 0 | O82: 0 | P82: 0 | Q82: 0 | R82: =S82+T82+U82 -> 0 | S82: 0 | U82: 0 | V82: =J82/F82 -> 1
A83: 3.3 | B83: Региональный проект "Цифровая образовательная среда", всего | C83: Х | D83: Х | E83: Х | F83: =G83+H83+I83 -> 9004.8 | G83: =SUM(G85:G86) -> 2299.2 | H83: =SUM(H85:H86) -> 6705.6 | I83: =SUM(I85:I86) -> 0 | J83: =K83+L83+M83 -> 9004.8 | K83: =SUM(K85:K86) -> 2299.2 | L83: =SUM(L85:L86) -> 6705.6 | M83: =SUM(M85:M86) -> 0 | N83: =O83+P83+Q83 -> 0 | O83: =SUM(O85:O86) -> 0 | P83: =SUM(P85:P86) -> 0 | Q83: =SUM(Q85:Q86) -> 0 | R83: =S83+T83+U83 -> 0 | S83: =SUM(S85:S86) -> 0 | T83: =SUM(T85:T86) -> 0 | U83: =SUM(U85:U86) -> 0 | V83: =J83/F83 -> 1
B84: из них
B85: Обновление материально-технической базы образовательных организаций для внедрения цифровой образовательной среды и развития цифровых навыков обучающихся | C85: 816 | D85: Департамент профессионального образования Томской области | E85: 09WE452130 | F85: =G85+H85+I85 -> 6913 | G85: 207.39 | H85: 6705.59 | J85: =SUM(K85:M85) -> 6913 | K85: 207.4 | L85: 6705.6 | N85: =O85+P85+Q85 -> 0 | O85: 0 | P85: 0 | R85: =S85+T85+U85 -> 0 | S85: 0 | V85: =J85/F85 -> 1
B86: Функционирование целевой модели цифровой образовательной среды в профессиональных образовательных организациях | C86: 816 | D86: Департамент профессионального образования Томской области | E86: 09WE452131 | F86: =G86+H86+I86 -> 2091.8 | G86: 2091.8 | J86: =SUM(K86:M86) -> 2091.8 | K86: 2091.8 | N86: =O86+P86+Q86 -> 0 | O86: 0 | R86: =S86+T86+U86 -> 0 | S86: 0 | V86: =J86/F86 -> 1
A87: 3.4 | B87: Региональный проект "Патриотическое воспитание граждан Российской Федерации" | C87: Х | D87: Х | E87: Х | F87: =G87+H87+I87 -> 80637.5 | G87: =SUM(G89:G89) -> 2419.1 | H87: =SUM(H89:H89) -> 78218.4 | I87: =SUM(I89:I89) -> 0 | J87: =K87+L87+M87 -> 53980.8 | K87: =SUM(K89:K89) -> 1619.4 | L87: =SUM(L89:L89) -> 52361.4 | M87: =SUM(M89:M89) -> 0 | N87: =O87+P87+Q87 -> 80637.5 | O87: =SUM(O89:O89) -> 2419.1 | P87: =SUM(P89:P89) -> 78218.4 | Q87: =SUM(Q89:Q89) -> 0 | R87: =S87+T87+U87 -> 97475.6 | S87: =SUM(S89:S89) -> 8772.8 | T87: =SUM(T89:T89) -> 88702.8 | U87: =SUM(U89:U89) -> 0 | V87: =J87/F87 -> 0.669
B88: из них
B89: Проведение мероприятий по обеспечению деятельности советников директора по воспитанию и взаимодействию с детскими общественными объединениями в общеобразовательных организациях | C89: 816 | D89: Департамент образования Томской области | E89: 09WEВ51790 | F89: =G89+H89+I89 -> 80637.5 | G89: 2419.1 | H89: 78218.4 | J89: =SUM(K89:L89) -> 53980.8 | K89: 1619.41 | L89: 52361.38 | N89: =O89+P89+Q89 -> 80637.5 | O89: 2419.1 | P89: 78218.4 | R89: =S89+T89+U89 -> 97475.6 | S89: 8772.8 | T89: 88702.8 | V89: =J89/F89 -> 0.669
A90: 3.5 | B90: Региональный проект "Развитие системы поддержки молодежи ("Молодежь России")" | C90: Х | D90: Х | E90: Х | F90: =G90+H90+I90 -> 180014.2 | G90: =G92 -> 5373.3 | H90: =H92 -> 173736.3 | I90: =I92 -> 904.6 | J90: =SUM(K90:L90) -> 89554.8 | K90: =K92 -> 2686.6 | L90: =L92 -> 86868.2 | M90: =M92 -> 0 | N90: =O90+P90+Q90 -> 0 | O90: =O92 -> 0 | P90: =P92 -> 0 | Q90: =Q92 -> 0 | R90: =S90+T90+U90 -> 0 | S90: =S92 -> 0 | T90: =T92 -> 0 | U90: =U92 -> 0 | V90: =J90/F90 -> 0.497
B91: из них
B92: Реализация программы комплексного развития молодежной политики в регионах Российской Федерации "Регион для молодых" | C92: 848 | D92: Департамент по молодежной политике Томской области | E92: 08WEГ51160 | F92: =G92+H92+I92 -> 180014.2 | G92: 5373.3 | H92: 173736.3 | I92: 904.6 | J92: =SUM(K92:L92) -> 89554.8 | K92: 2686.6 | L92: 86868.2 | N92: =O92+P92+Q92 -> 0 | R92: =S92+T92+U92 -> 0 | V92: =J92/F92 -> 0.497
A93: 4 | B93: Национальный проект "Цифровая экономика" | C93: Х | D93: Х | E93: Х | F93: =G93+H93+I93 -> 1924.5 | G93: =G94 -> 1924.5 | H93: =H94 -> 0 | I93: =I94 -> 0 | J93: =K93+L93+M93 -> 1924.5 | K93: =K94 -> 1924.5 | L93: =L94 -> 0 | M93: =M94 -> 0 | N93: =O93+P93+Q93 -> 1930 | O93: =O94 -> 1930 | P93: =P94 -> 0 | Q93: =Q94 -> 0 | R93: =S93+T93+U93 -> 1930 | S93: =S94 -> 1930 | T93: =T94 -> 0 | U93: =U94 -> 0 | V93: =J93/F93 -> 1
A94: 4.1 | B94: Региональный проект "Цифровое государственное управление" | C94: Х | D94: Х | E94: Х | F94: =G94+H94+I94 -> 1924.5 | G94: =SUM(G96:G96) -> 1924.5 | H94: =SUM(H96:H96) -> 0 | I94: =SUM(I96:I96) -> 0 | J94: =SUM(J96:J96) -> 1924.5 | K94: =SUM(K96:K96) -> 1924.5 | L94: =SUM(L96:L96) -> 0 | M94: =SUM(M96:M96) -> 0 | N94: =O94+P94+Q94 -> 1930 | O94: =SUM(O96:O96) -> 1930 | P94: =SUM(P96:P96) -> 0 | Q94: =SUM(Q96:Q96) -> 0 | R94: =S94+T94+U94 -> 1930 | S94: =SUM(S96) -> 1930 | T94: =SUM(T96) -> 0 | U94: =SUM(U96) -> 0 | V94: =J94/F94 -> 1
B95: из них
B96: Внедрение в органах государственной власти типового автоматизированного рабочего места госслужащего на базе отечественного программного обеспечения | C96: 804 | D96: Администрация Томской области | E96: 20WD605180 | F96: =G96+H96+I96 -> 1924.5 | G96: 1924.5 | J96: =SUM(K96:M96) -> 1924.5 | K96: 1924.5 | N96: =O96+P96+Q96 -> 1930 | O96: 1930 | R96: =S96+T96+U96 -> 1930 | S96: 1930 | V96: =J96/F96 -> 1
A97: 5 | B97: Национальный проект "Жилье и городская среда" | C97: Х | D97: Х | E97: Х | F97: =G97+H97+I97 -> 2188680.9 | G97: =G98+G103+G108 -> 281071.8 | H97: =H98+H103+H108 -> 1552701.2 | I97: =I98+I103+I108 -> 354907.9 | J97: =K97+L97+M97 -> 1201572.4 | K97: =K98+K103+K108 -> 132814.1 | L97: =L98+L103+L108 -> 785326.4 | M97: =M98+M103+M108 -> 283431.9 | N97: =O97+P97+Q97 -> 20364.6 | O97: =O98+O103+O108 -> 12814.9 | P97: =P98+P103+P108 -> 0 | Q97: =Q98+Q103+Q108 -> 7549.7 | R97: =S97+T97+U97 -> 18535 | S97: =S98+S103+S108 -> 12814.9 | T97: =T98+T103+T108 -> 0 | U97: =U98+U103+U108 -> 5720.1 | V97: =J97/F97 -> 0.549
A98: 5.1 | B98: Региональный проект "Формирование комфортной городской среды", всего | C98: Х | D98: Х | E98: Х | F98: =G98+H98+I98 -> 505695.9 | G98: =SUM(G100:G102) -> 12387.4 | H98: =SUM(H100:H102) -> 415734.2 | I98: =SUM(I100:I102) -> 77574.3 | J98: =K98+L98+M98 -> 195049.2 | K98: =SUM(K100:K102) -> 4365.1 | L98: =SUM(L100:L102) -> 168015.5 | M98: =SUM(M100:M102) -> 22668.6 | N98: =O98+P98+Q98 -> 5655.5 | O98: =SUM(O100:O102) -> 0 | P98: =SUM(P100:P102) -> 0 | Q98: =SUM(Q100:Q102) -> 5655.5 | R98: =S98+T98+U98 -> 5325.9 | S98: =SUM(S100:S102) -> 0 | T98: =SUM(T100:T102) -> 0 | U98: =SUM(U100:U102) -> 5325.9 | V98: =J98/F98 -> 0.386
B99: из них
B100: Создание комфортной городской среды в малых городах и исторических поселениях - победителях Всероссийского конкурса лучших проектов создания комфортной городской среды | C100: 821 | D100: Департамент архитектуры и строительства Томской области | E100: 13WF254240 | F100: =G100+H100+I100 -> 114100.1 | G100: 930.6 | H100: 92125.1 | I100: 21044.4 | J100: =SUM(K100:M100) -> 45865.1 | K100: 403.14 | L100: 39911.14 | M100: 5550.8 | N100: =O100+P100+Q100 -> 0 | R100: =S100+T100+U100 -> 0 | V100: =J100/F100 -> 0.402
B101: Реализация программ формирования современной городской среды | C101: 821 | D101: Департамент архитектуры и строительства Томской области | E101: 13WF255550 | F101: =G101+H101+I101 -> 390147.6 | G101: 10008.6 | H101: 323609.1 | I101: 56529.9 | J101: =K101+L101+M101 -> 149184.2 | K101: 3961.99 | L101: 128104.4 | M101: 17117.8 | N101: =O101+P101+Q101 -> 5655.5 | O101: 0 | P101: 0 | Q101: 5655.5 | R101: =S101+T101+U101 -> 5325.9 | U101: 5325.9 | V101: =J101/F101 -> 0.382
B102: Реализация программ формирования современной городской среды в части средств, несофинансируемых из федерального бюджета | C102: 821 | D102: Департамент архитектуры и строительства Томской области | E102: 13WF2А5550 | F102: =G102+H102+I102 -> 1448.2 | G102: 1448.2 | J102: =K102+L102+M102 -> 0 | N102: =O102+P102+Q102 -> 0 | R102: =S102+T102+U102 -> 0 | V102: =J102/F102 -> 0
...

Sheet Лист2
A5: Информация о плановых ассигнованиях и кассовом исполнении расходов консолидированного бюджета Томской области на реализацию региональных проектов Томской области по состоянию на 12.08.2024
D7: =D12+E12 -> 19054007 | H7: =H12+I12 -> 7983280.3 | I7: 7412565.3
A8: № п/п | B8: Наименование | C8: 2024 год | K8: % исполнения
C9: Плановые ассигнования*, в том числе | G9: Кассовое исполнение, в том числе
C10: ИТОГО | D10: за счет средств областного бюджета | E10: за счет средств федерального бюджета | F10: за счет средств местных бюджетов** | G10: ИТОГО | H10: за счет средств областного бюджета | I10: за счет средств федерального бюджета | J10: за счет средств местных бюджетов**
A11: 1 | B11: 2 | C11: 6 | D11: 7 | E11: 8 | F11: 9 | G11: 10 | H11: 11 | I11: 12 | J11: 13 | K11: 22
B12: ВСЕГО: | C12: =SUM(C13:C28) -> 19876546 | D12: =SUM(D13:D28) -> 7498631.6 | E12: =SUM(E13:E28) -> 11555376 | F12: =SUM(F13:F28) -> 822539.4 | G12: =SUM(G13:G28) -> 8603079.3 | H12: =SUM(H13:H28) -> 1601396.2 | I12: =SUM(I13:I28) -> 6381884.1 | J12: =SUM(J13:J28) -> 619799 | K12: =G12/C12 -> 0.433
A13: 1 | B13: Национальный проект "Демография" | C13: =Лист1!F13 -> 553549.5 | D13: =Лист1!G13 -> 210884 | E13: =Лист1!H13 -> 324842.1 | F13: =Лист1!I13 -> 17823.4 | G13: =Лист1!J13 -> 277342.6 | H13: =Лист1!K13 -> 134597.2 | I13: =Лист1!L13 -> 129740.8 | J13: =Лист1!M13 -> 13004.6 | K13: =G13/C13 -> 0.501
A14: 2 | B14: Национальный проект "Здравоохранение" | C14: =Лист1!F39 -> 2181948.1 | D14: =Лист1!G39 -> 1037536.4 | E14: =Лист1!H39 -> 1144411.7 | F14: =Лист1!I39 -> 0 | G14: =Лист1!J39 -> 668597 | H14: =Лист1!K39 -> 211519.3 | I14: =Лист1!L39 -> 457077.7 | J14: =Лист1!M39 -> 0 | K14: =G14/C14 -> 0.306
A15: 3 | B15: Национальный проект "Образование" | C15: =Лист1!F66 -> 1786139.3 | D15: =Лист1!G66 -> 859750 | E15: =Лист1!H66 -> 916510.5 | F15: =Лист1!I66 -> 9878.8 | G15: =Лист1!J66 -> 803816.6 | H15: =Лист1!K66 -> 72453.9 | I15: =Лист1!L66 -> 730720.8 | J15: =Лист1!M66 -> 641.9 | K15: =G15/C15 -> 0.45
A16: 4 | B16: Национальный проект "Цифровая экономика" | C16: =Лист1!F93 -> 1924.5 | D16: =Лист1!G93 -> 1924.5 | E16: =Лист1!H93 -> 0 | F16: =Лист1!I93 -> 0 | G16: =Лист1!J93 -> 1924.5 | H16: =Лист1!K93 -> 1924.5 | I16: =Лист1!L93 -> 0 | J16: =Лист1!M93 -> 0 | K16: =G16/C16 -> 1
A17: 5 | B17: Национальный проект "Жилье и городская среда" | C17: =Лист1!F97 -> 2188680.9 | D17: =Лист1!G97 -> 281071.8 | E17: =Лист1!H97 -> 1552701.2 | F17: =Лист1!I97 -> 354907.9 | G17: =Лист1!J97 -> 1201572.4 | H17: =Лист1!K97 -> 132814.1 | I17: =Лист1!L97 -> 785326.4 | J17: =Лист1!M97 -> 283431.9 | K17: =G17/C17 -> 0.549
A18: 6 | B18: Национальный проект "Экология" | C18: =Лист1!F112 -> 978360.8 | D18: =Лист1!G112 -> 722189.3 | E18: =Лист1!H112 -> 222630.5 | F18: =Лист1!I112 -> 33541 | G18: =Лист1!J112 -> 84896.3 | H18: =Лист1!K112 -> 44837.4 | I18: =Лист1!L112 -> 25113.1 | J18: =Лист1!M112 -> 14945.8 | K18: =G18/C18 -> 0.087
A19: 7 | B19: Национальный проект "Безопасные качественные дороги" | C19: =Лист1!F127 -> 8386532.8 | D19: =Лист1!G127 -> 3914747.6 | E19: =Лист1!H127 -> 4085708.3 | F19: =Лист1!I127 -> 386076.9 | G19: =Лист1!J127 -> 2448736 | H19: =Лист1!K127 -> 607064.7 | I19: =Лист1!L127 -> 1536678.9 | J19: =Лист1!M127 -> 304992.4 | K19: =G19/C19 -> 0.292
A20: 8 | B20: Национальный проект "Культура" | C20: =Лист1!F143 -> 475312.3 | D20: =Лист1!G143 -> 52968.1 | E20: =Лист1!H143 -> 415717.9 | F20: =Лист1!I143 -> 6626.3 | G20: =Лист1!J143 -> 285862.5 | H20: =Лист1!K143 -> 39398.3 | I20: =Лист1!L143 -> 243681.8 | J20: =Лист1!M143 -> 2782.4 | K20: =G20/C20 -> 0.601
A21: 8.3 | B21: Региональный проект "Цифровая культура" | C21: =Лист1!F163 -> 0 | D21: =Лист1!G163 -> 0 | E21: =Лист1!H163 -> 0 | F21: =Лист1!I163 -> 0 | G21: =Лист1!J163 -> 0 | H21: =Лист1!K163 -> 0 | I21: =Лист1!L163 -> 0 | J21: =Лист1!M163 -> 0 | K21: =G21/C21 -> #DIV/0!
B22: из них | C22: =Лист1!F164 -> 0 | D22: =Лист1!G164 -> 0 | E22: =Лист1!H164 -> 0 | F22: =Лист1!I164 -> 0 | G22: =Лист1!J164 -> 0 | H22: =Лист1!K164 -> 0 | I22: =Лист1!L164 -> 0 | J22: =Лист1!M164 -> 0
C23: =Лист1!F165 -> 0 | D23: =Лист1!G165 -> 0 | E23: =Лист1!H165 -> 0 | F23: =Лист1!I165 -> 0 | G23: =Лист1!J165 -> 0 | H23: =Лист1!K165 -> 0 | I23: =Лист1!L165 -> 0 | J23: =Лист1!M165 -> 0 | K23: =G23/C23 -> #DIV/0!
A24: 9 | B24: Национальный проект "Малое и среднее предпринимательство и поддержка индивидуальной предпринимательской инициативы" | C24: =Лист1!F166 -> 114229.8 | D24: =Лист1!G166 -> 13876.9 | E24: =Лист1!H166 -> 100352.9 | F24: =Лист1!I166 -> 0 | G24: =Лист1!J166 -> 66801.1 | H24: =Лист1!K166 -> 2004 | I24: =Лист1!L166 -> 64797.1 | J24: =Лист1!M166 -> 0 | K24: =G24/C24 -> 0.585
A25: 10 | B25: Национальный проект "Производительность труда" | C25: =Лист1!F181 -> 27870.2 | D25: =Лист1!G181 -> 7141.1 | E25: =Лист1!H181 -> 20729.1 | F25: =Лист1!I181 -> 0 | G25: =Лист1!J181 -> 26274.2 | H25: =Лист1!K181 -> 5545.1 | I25: =Лист1!L181 -> 20729.1 | J25: =Лист1!M181 -> 0 | K25: =G25/C25 -> 0.943
A26: 11 | B26: Национальный проект "Международная кооперация и экспорт" | C26: =Лист1!F187 -> 2875.7 | D26: =Лист1!G187 -> 86.3 | E26: =Лист1!H187 -> 2789.4 | F26: =Лист1!I187 -> 0 | G26: =Лист1!J187 -> 682.1 | H26: =Лист1!K187 -> 20.5 | I26: =Лист1!L187 -> 661.6 | J26: =Лист1!M187 -> 0 | K26: =G26/C26 -> 0.237
A27: 12 | B27: Национальный проект "Туризм и индустрия гостеприимства" | C27: =Лист1!F191 -> 50771.6 | D27: =Лист1!G191 -> 1112.6 | E27: =Лист1!H191 -> 35973.9 | F27: =Лист1!I191 -> 13685.1 | G27: =Лист1!J191 -> 149.6 | H27: =Лист1!K191 -> 4.5 | I27: =Лист1!L191 -> 145.1 | J27: =Лист1!M191 -> 0 | K27: =G27/C27 -> 0.003
A28: 14 | B28: Национальный проект "Беспилотные авиационные системы" | C28: =Лист1!F200 -> 3128351 | D28: =Лист1!G200 -> 395343 | E28: =Лист1!H200 -> 2733008 | F28: =Лист1!I200 -> 0 | G28: =Лист1!J200 -> 2736424.4 | H28: =Лист1!K200 -> 349212.7 | I28: =Лист1!L200 -> 2387211.7 | J28: =Лист1!M200 -> 0 | K28: =G28/C28 -> 0.875

Sheet Лист3
A5: Информация о плановых ассигнованиях и кассовом исполнении расходов консолидированного бюджета Томской области на реализацию региональных проектов Томской области по состоянию на 12.08.2024
D7: =D12+E12 -> 19054 | H7: =H12+I12 -> 7983.3 | I7: 7412565.3
A8: № п/п | B8: Наименование | C8: 2024 год | K8: % исполнения
C9: Плановые ассигнования*, в том числе | G9: Кассовое исполнение, в том числе
C10: ИТОГО | D10: за счет средств областного бюджета | E10: за счет средств федерального бюджета | F10: за счет средств местных бюджетов** | G10: ИТОГО | H10: за счет средств областного бюджета | I10: за счет средств федерального бюджета | J10: за счет средств местных бюджетов**
A11: 1 | B11: 2 | C11: 6 | D11: 7 | E11: 8 | F11: 9 | G11: 10 | H11: 11 | I11: 12 | J11: 13 | K11: 22
B12: ВСЕГО: | C12: =Лист2!C12/1000 -> 19876.5 | D12: =Лист2!D12/1000 -> 7498.6 | E12: =Лист2!E12/1000 -> 11555.4 | F12: =Лист2!F12/1000 -> 822.5 | G12: =Лист2!G12/1000 -> 8603.1 | H12: =Лист2!H12/1000 -> 1601.4 | I12: =Лист2!I12/1000 -> 6381.9 | J12: =Лист2!J12/1000 -> 619.8 | K12: =G12/C12 -> 0.433
A13: 1 | B13: Национальный проект "Демография" | C13: =Лист2!C13/1000 -> 553.5 | D13: =Лист2!D13/1000 -> 210.9 | E13: =Лист2!E13/1000 -> 324.8 | F13: =Лист2!F13/1000 -> 17.8 | G13: =Лист2!G13/1000 -> 277.3 | H13: =Лист2!H13/1000 -> 134.6 | I13: =Лист2!I13/1000 -> 129.7 | J13: =Лист2!J13/1000 -> 13 | K13: =G13/C13 -> 0.501
A14: 2 | B14: Национальный проект "Здравоохранение" | C14: =Лист2!C14/1000 -> 2181.9 | D14: =Лист2!D14/1000 -> 1037.5 | E14: =Лист2!E14/1000 -> 1144.4 | F14: =Лист2!F14/1000 -> 0 | G14: =Лист2!G14/1000 -> 668.6 | H14: =Лист2!H14/1000 -> 211.5 | I14: =Лист2!I14/1000 -> 457.1 | J14: =Лист2!J14/1000 -> 0 | K14: =G14/C14 -> 0.306
A15: 3 | B15: Национальный проект "Образование" | C15: =Лист2!C15/1000 -> 1786.1 | D15: =Лист2!D15/1000 -> 859.8 | E15: =Лист2!E15/1000 -> 916.5 | F15: =Лист2!F15/1000 -> 9.9 | G15: =Лист2!G15/1000 -> 803.8 | H15: =Лист2!H15/1000 -> 72.5 | I15: =Лист2!I15/1000 -> 730.7 | J15: =Лист2!J15/1000 -> 0.6 | K15: =G15/C15 -> 0.45
A16: 4 | B16: Национальный проект "Цифровая экономика" | C16: =Лист2!C16/1000 -> 1.9 | D16: =Лист2!D16/1000 -> 1.9 | E16: =Лист2!E16/1000 -> 0 | F16: =Лист2!F16/1000 -> 0 | G16: =Лист2!G16/1000 -> 1.9 | H16: =Лист2!H16/1000 -> 1.9 | I16: =Лист2!I16/1000 -> 0 | J16: =Лист2!J16/1000 -> 0 | K16: =G16/C16 -> 1
A17: 5 | B17: Национальный проект "Жилье и городская среда" | C17: =Лист2!C17/1000 -> 2188.7 | D17: =Лист2!D17/1000 -> 281.1 | E17: =Лист2!E17/1000 -> 1552.7 | F17: =Лист2!F17/1000 -> 354.9 | G17: =Лист2!G17/1000 -> 1201.6 | H17: =Лист2!H17/1000 -> 132.8 | I17: =Лист2!I17/1000 -> 785.3 | J17: =Лист2!J17/1000 -> 283.4 | K17: =G17/C17 -> 0.549
A18: 6 | B18: Национальный проект "Экология" | C18: =Лист2!C18/1000 -> 978.4 | D18: =Лист2!D18/1000 -> 722.2 | E18: =Лист2!E18/1000 -> 222.6 | F18: =Лист2!F18/1000 -> 33.5 | G18: =Лист2!G18/1000 -> 84.9 | H18: =Лист2!H18/1000 -> 44.8 | I18: =Лист2!I18/1000 -> 25.1 | J18: =Лист2!J18/1000 -> 14.9 | K18: =G18/C18 -> 0.087
A19: 7 | B19: Национальный проект "Безопасные качественные дороги" | C19: =Лист2!C19/1000 -> 8386.5 | D19: =Лист2!D19/1000 -> 3914.7 | E19: =Лист2!E19/1000 -> 4085.7 | F19: =Лист2!F19/1000 -> 386.1 | G19: =Лист2!G19/1000 -> 2448.7 | H19: =Лист2!H19/1000 -> 607.1 | I19: =Лист2!I19/1000 -> 1536.7 | J19: =Лист2!J19/1000 -> 305 | K19: =G19/C19 -> 0.292
A20: 8 | B20: Национальный проект "Культура" | C20: =Лист2!C20/1000 -> 475.3 | D20: =Лист2!D20/1000 -> 53 | E20: =Лист2!E20/1000 -> 415.7 | F20: =Лист2!F20/1000 -> 6.6 | G20: =Лист2!G20/1000 -> 285.9 | H20: =Лист2!H20/1000 -> 39.4 | I20: =Лист2!I20/1000 -> 243.7 | J20: =Лист2!J20/1000 -> 2.8 | K20: =G20/C20 -> 0.602
A21: 8.3 | B21: Региональный проект "Цифровая культура" | C21: =Лист2!C21/1000 -> 0 | D21: =Лист2!D21/1000 -> 0 | E21: =Лист2!E21/1000 -> 0 | F21: =Лист2!F21/1000 -> 0 | G21: =Лист2!G21/1000 -> 0 | H21: =Лист2!H21/1000 -> 0 | I21: =Лист2!I21/1000 -> 0 | J21: =Лист2!J21/1000 -> 0 | K21: =G21/C21 -> #DIV/0!
B22: из них | C22: =Лист2!C22/1000 -> 0 | D22: =Лист2!D22/1000 -> 0 | E22: =Лист2!E22/1000 -> 0 | F22: =Лист2!F22/1000 -> 0 | G22: =Лист2!G22/1000 -> 0 | H22: =Лист2!H22/1000 -> 0 | I22: =Лист2!I22/1000 -> 0 | J22: =Лист2!J22/1000 -> 0
C23: =Лист2!C23/1000 -> 0 | D23: =Лист2!D23/1000 -> 0 | E23: =Лист2!E23/1000 -> 0 | F23: =Лист2!F23/1000 -> 0 | G23: =Лист2!G23/1000 -> 0 | H23: =Лист2!H23/1000 -> 0 | I23: =Лист2!I23/1000 -> 0 | J23: =Лист2!J23/1000 -> 0 | K23: =G23/C23 -> #DIV/0!
A24: 9 | B24: Национальный проект "Малое и среднее предпринимательство и поддержка индивидуальной предпринимательской инициативы" | C24: =Лист2!C24/1000 -> 114.2 | D24: =Лист2!D24/1000 -> 13.9 | E24: =Лист2!E24/1000 -> 100.4 | F24: =Лист2!F24/1000 -> 0 | G24: =Лист2!G24/1000 -> 66.8 | H24: =Лист2!H24/1000 -> 2 | I24: =Лист2!I24/1000 -> 64.8 | J24: =Лист2!J24/1000 -> 0 | K24: =G24/C24 -> 0.585
A25: 10 | B25: Национальный проект "Производительность труда" | C25: =Лист2!C25/1000 -> 27.9 | D25: =Лист2!D25/1000 -> 7.1 | E25: =Лист2!E25/1000 -> 20.7 | F25: =Лист2!F25/1000 -> 0 | G25: =Лист2!G25/1000 -> 26.3 | H25: =Лист2!H25/1000 -> 5.5 | I25: =Лист2!I25/1000 -> 20.7 | J25: =Лист2!J25/1000 -> 0 | K25: =G25/C25 -> 0.943
A26: 11 | B26: Национальный проект "Международная кооперация и экспорт" | C26: =Лист2!C26/1000 -> 2.9 | D26: =Лист2!D26/1000 -> 0.1 | E26: =Лист2!E26/1000 -> 2.8 | F26: =Лист2!F26/1000 -> 0 | G26: =Лист2!G26/1000 -> 0.7 | H26: =Лист2!H26/1000 -> 0 | I26: =Лист2!I26/1000 -> 0.7 | J26: =Лист2!J26/1000 -> 0 | K26: =G26/C26 -> 0.241
A27: 12 | B27: Национальный проект "Туризм и индустрия гостеприимства" | C27: =Лист2!C27/1000 -> 50.8 | D27: =Лист2!D27/1000 -> 1.1 | E27: =Лист2!E27/1000 -> 36 | F27: =Лист2!F27/1000 -> 13.7 | G27: =Лист2!G27/1000 -> 0.1 | H27: =Лист2!H27/1000 -> 0 | I27: =Лист2!I27/1000 -> 0.1 | J27: =Лист2!J27/1000 -> 0 | K27: =G27/C27 -> 0.002
A28: 14 | B28: Национальный проект "Беспилотные авиационные системы" | C28: =Лист2!C28/1000 -> 3128.4 | D28: =Лист2!D28/1000 -> 395.3 | E28: =Лист2!E28/1000 -> 2733 | F28: =Лист2!F28/1000 -> 0 | G28: =Лист2!G28/1000 -> 2736.4 | H28: =Лист2!H28/1000 -> 349.2 | I28: =Лист2!I28/1000 -> 2387.2 | J28: =Лист2!J28/1000 -> 0 | K28: =G28/C28 -> 0.875
B44: Наименование национального проекта | C44: План | H44: Исполнено
C45: ИТОГО, | D45: областного | E45: федерального | F45: местного | G45: ИТОГО, | I45: областного | J45: федерального | K45: местного | L45: % исполнения
C46: в том | G46: в том
C47: числе за счет бюджета | G47: числе за счет бюджета
B48: ВСЕГО: | C48: 19769 | D48: 7402.8 | E48: 11558.7 | F48: 807.5 | G48: 8191.2 | I48: 1464.3 | J48: 6150.7 | K48: 576.2 | L48: 41.4 | N48: =SUM(D48:F48)-C48 -> 0 | O48: =SUM(I48:K48)-G48 -> 0 | P48: =G48/C48*100-L48 -> 0
B49: Цифровая экономика | C49: 1.9 | D49: 1.9 | E49: 0 | F49: 0 | G49: 1.9 | I49: 1.9 | J49: 0 | K49: 0 | L49: 100 | N49: =SUM(D49:F49)-C49 -> 0 | O49: =SUM(I49:K49)-G49 -> 0 | P49: =G49/C49*100-L49 -> 0
B50: Производительность труда | C50: 27.8 | D50: 7.1 | E50: 20.7 | F50: 0 | G50: 26.2 | I50: 5.5 | J50: 20.7 | K50: 0 | L50: 94.2 | N50: =SUM(D50:F50)-C50 -> 0 | O50: =SUM(I50:K50)-G50 -> 0 | P50: =G50/C50*100-L50 -> 0 | Q50: =G50/C50 -> 0.94244604
B51: Беспилотные авиационные системы | C51: 3128.3 | D51: 395.3 | E51: 2733 | F51: 0 | G51: 2643.8 | I51: 346.6 | J51: 2297.2 | K51: 0 | L51: 84.5 | N51: =SUM(D51:F51)-C51 -> 0 | O51: =SUM(I51:K51)-G51 -> 0 | P51: =G51/C51*100-L51 -> 0
B52: Культура | C52: 476.1 | D52: 53 | E52: 415.7 | F52: 7.4 | G52: 283 | I52: 37.9 | J52: 242.4 | K52: 2.7 | L52: 59.4 | N52: =SUM(D52:F52)-C52 -> 0 | O52: =SUM(I52:K52)-G52 -> 0 | P52: =G52/C52*100-L52 -> 0 | Q52: =G52/C52 -> 0.59441294
B53: Малое и среднее предпринимательство и поддержка индивидуальной предпринимательской инициативы | C53: 114.3 | D53: 13.9 | E53: 100.4 | F53: 0 | N53: =SUM(D53:F53)-C53 -> 0 | O53: =SUM(I53:K53)-G53 -> 0 | P53: =G53/C53*100-L53 -> 0
N54: =SUM(D54:F54)-C54 -> 0 | O54: =SUM(I54:K54)-G54 -> 0
G55: 62.9 | I55: 1.9 | J55: 61 | K55: 0 | L55: 55.1 | N55: =SUM(D55:F55)-C55 -> 0 | O55: =SUM(I55:K55)-G55 -> 0
B56: Демография | C56: 553.2 | D56: 210.9 | E56: 324.8 | F56: 17.5 | G56: 267.5 | I56: 131.6 | J56: 125.2 | K56: 10.7 | L56: 48.4 | N56: =SUM(D56:F56)-C56 -> 0 | O56: =SUM(I56:K56)-G56 -> 0 | P56: =G56/C56*100-L56 -> 0
B57: Жилье и городская среда | C57: 2091.3 | D57: 185.2 | E57: 1552.7 | F57: 353.4 | G57: 954 | I57: 36.6 | J57: 669.6 | K57: 247.8 | L57: 45.6 | N57: =SUM(D57:F57)-C57 -> 0 | O57: =SUM(I57:K57)-G57 -> 0 | P57: =G57/C57*100-L57 -> 0
B58: Образование | C58: 1789.4 | D58: 859.9 | E58: 919.9 | F58: 9.6 | G58: 711.9 | I58: 68.8 | J58: 642.5 | K58: 0.6 | L58: 39.8 | N58: =SUM(D58:F58)-C58 -> 0 | O58: =SUM(I58:K58)-G58 -> 0 | P58: =G58/C58*100-L58 -> 0
B59: Здравоохранение | C59: 2181.9 | D59: 1037.5 | E59: 1144.4 | F59: 0 | G59: 662 | I59: 211.2 | J59: 450.8 | K59: 0 | L59: 30.3 | N59: =SUM(D59:F59)-C59 -> 0 | O59: =SUM(I59:K59)-G59 -> 0 | P59: =G59/C59*100-L59 -> 0
B60: Безопасные качественные дороги | C60: 8386.5 | D60: 3914.7 | E60: 4085.7 | F60: 386.1 | G60: 2512.2 | I60: 592.3 | J60: 1615.5 | K60: 304.4 | L60: 30 | N60: =SUM(D60:F60)-C60 -> 0 | O60: =SUM(I60:K60)-G60 -> 0 | P60: =G60/C60*100-L60 -> 0
B61: Международная кооперация и экспорт | C61: 2.9 | D61: 0.1 | E61: 2.8 | F61: 0 | G61: 0.7 | I61: 0 | J61: 0.7 | K61: 0 | L61: 24.1 | N61: =SUM(D61:F61)-C61 -> 0 | O61: =SUM(I61:K61)-G61 -> 0 | P61: =G61/C61*100-L61 -> 0
B62: Экология | C62: 978.3 | D62: 722.2 | E62: 222.6 | F62: 33.5 | G62: 65.1 | I62: 30 | J62: 25.1 | K62: 10 | L62: 6.7 | N62: =SUM(D62:F62)-C62 -> 0 | O62: =SUM(I62:K62)-G62 -> 0 | P62: =G62/C62*100-L62 -> 0
B63: Туризм и индустрия гостеприимства | C63: 37.1 | D63: 1.1 | E63: 36 | F63: 0 | G63: 0 | I63: 0 | J63: 0 | K63: 0 | L63: 0 | N63: =SUM(D63:F63)-C63 -> 0 | O63: =SUM(I63:K63)-G63 -> 0 | P63: =G63/C63*100-L63 -> 0
C66: =SUM(C49:C63)-C48 -> 0 | D66: =SUM(D49:D63)-D48 -> 0 | E66: =SUM(E49:E63)-E48 -> 0 | F66: =SUM(F49:F63)-F48 -> 0 | G66: =SUM(G49:G63)-G48 -> 0 | H66: =SUM(H49:H63)-H48 -> 0 | I66: =SUM(I49:I63)-I48 -> 0 | J66: =SUM(J49:J63)-J48 -> 0 | K66: =SUM(K49:K63)-K48 -> 0

Sheet Лист4

Sheet Лист5

Sheet Лист6

Sheet Лист7
